 Dungeon Crawl Stone Soup version 0.23.0 (webtiles) character file.

Game seed: 2268779582265427702

316 Delanovic the Ducker (level 6, -2/43 HPs)
             Began as an Octopode Wanderer on Feb 13, 2019.
             Was an Initiate of Gozag.
             Slain by Purgy (6 damage)
             ... on level 4 of the Dungeon.
             The game lasted 00:07:24 (3987 turns).

Delanovic the Ducker (Octopode Wanderer)            Turns: 3987, Time: 00:07:27

Health: -2/43      AC:  1    Str: 12    XL:     6   Next: 44%
Magic:  10/10      EV: 15    Int: 13    God:    Gozag
Gold:   195        SH:  0    Dex: 14    Spells: 9/10 levels left

rFire    + . .     SeeInvis .   f - +0 short sword
rCold    x . .     Gourm    .   (no shield)
rNeg     . . .     Faith    .   (helmet restricted)
rPois    .         Spirit   .   (no amulet)
rElec    .         Reflect  .   s - ring of flight
rCorr    .         Harm     .   r - ring of fire (curse)
MR       .....                  (no ring)
Stlth    ++........             (no ring)
HPRegen  0.14/turn              (no ring)
MPRegen  0.12/turn              (no ring)
                                (no ring)
                                (no ring)

@: no status effects
A: almost no armour, stealthy swim, amphibious, 8 rings, constrict 8, camouflage
1, gelatinous body 1
a: Potion Petition, Call Merchant, Bribe Branch, Renounce Religion, Evoke Flight


You were on level 4 of the Dungeon.
You worshipped Gozag.
Gozag was aware of your devotion.
You were not hungry.

You visited 1 branch of the dungeon, and saw 4 of its levels.

You collected 230 gold pieces.
You paid 35 gold pieces to Gozag.

Inventory:

Hand Weapons
 c - a +0 blowgun
 e - a +0 club
 f - a +0 short sword (weapon)
Missiles
 b - 71 poisoned needles
 u - 5 needles of sleeping
Jewellery
 r - a cursed ring of fire (right tentacle)
 s - a ring of flight (left tentacle)
Wands
 i - a wand of acid (5)
 n - a wand of polymorph (17)
Scrolls
 a - 3 scrolls of remove curse {unknown}
 g - 2 scrolls of amnesia {unknown}
 h - a scroll of enchant weapon {unknown}
 l - a scroll of teleportation {unknown}
 o - 5 scrolls of identify {unknown}
 q - 2 scrolls of random uselessness {unknown}
Potions
 j - a potion of magic {unknown}
 k - 2 potions of lignification {unknown}
 m - a potion of brilliance {unknown}
 p - a potion of ambrosia {unknown}
 t - a potion of berserk rage {unknown}
Comestibles
 d - 4 rations


   Skills:
 + Level 3.8 Fighting
   Level 2.0 Polearms
 - Level 1.1 Throwing
 + Level 4.2 Dodging
 - Level 2.7 Spellcasting
   Level 1.0 Hexes
   Level 2.0 Necromancy
 - Level 1.1 Evocations


You had 9 spell levels left.
You knew the following spells:

 Your Spells              Type           Power        Failure   Level  Hunger
a - Flame Tongue          Conj/Fire      #....        24%         1    #......

Your spell library contained the following spells:

 Spells                   Type           Power        Failure   Level  Hunger
 Confusing Touch          Hex            #.....       16%         1    #......
 Confuse                  Hex            #.......     43%         3    ###....
 Gell's Gravitas          Tloc           #.........   56%         3    ###....
 Static Discharge         Conj/Air       #.......     56%         3    ###....
 Petrify                  Tmut/Erth      #.......     93%         4    #####..
 Metabolic Englaciation   Hex/Ice        #.........   99%         5    ######.
 Yara's Violent Unravell  Hex/Tmut       #.........   99%         5    ######.


Dungeon Overview and Level Annotations

Branches:
Dungeon (4/15)
 Temple: D:4-7

Altars:
Gozag
Makhleb

Annotations:
D:4 Purgy


Innate Abilities, Weirdness & Mutations

You cannot wear most types of armour.
You are very stealthy in the water. (Stealth+)
You are amphibious.
You can wear up to eight rings at the same time.
You can use your tentacles to constrict eight enemies at once.
Your skin changes colour to match your surroundings (Stealth+).
Your rubbery body absorbs attacks. (AC +1, EV +1)


Message History

Purgy completely misses you. Purgy closely misses you. Purgy barely misses you.
You hit Purgy but do no damage. Your squeeze misses Purgy.
Purgy is severely wounded.
Purgy bites you. Purgy barely misses you. Purgy closely misses you.
You closely miss Purgy.
Purgy is severely wounded.
Purgy snarls, "Go!
Away!"
Purgy bites you.
* * * LOW HITPOINT WARNING * * *
Purgy closely misses you. Purgy claws you.
* * * LOW HITPOINT WARNING * * *
You barely miss Purgy. You squeeze Purgy.
Purgy is severely wounded.
Purgy completely misses you. Purgy claws you.
* * * LOW HITPOINT WARNING * * *
Purgy misses you.
Purgy looks around nervously.
Purgy bites you.
You die...
Your body crumbles into a pile of gold.

### #.. ..# ##... ##. #
..##...##.. #.. ..##
............ #...### ....
....>..#..... ..##?##..##
............. #.#(.......
..............#.##....###
..............#..#Z.....##
##........##....@Tl.....$#
#....##....####..#w.....#
.##..## ...##.#.##$...###
..#...###.......#%........
....#..##.....<.##!##.#.##
##.##.####.......###..# #
#.....# #.....#.....#.
...#..#####......#####.#
#......................#


You could see Purgy, a worm, an iguana and a water moccasin skeleton.

Vanquished Creatures
  An ogre (D:4)
  A hound (D:2)
  2 worker ants (D:4)
  4 gnolls
  5 adders
  An ooze (D:4)
  A worm (D:2)
  A dart slug (D:2)
  A leopard gecko (D:2)
  2 giant cockroaches
  7 goblins
  10 hobgoblins
  4 jackals (D:1)
  A quokka (D:3)
  9 bats
  4 frilled lizards
  6 kobolds
  7 rats
67 creatures vanquished.

Notes
Turn   | Place    | Note
-------+----------+-------------------------------------------
     0 | D:1      | Delanovic the Octopode Wanderer began the quest for the
                  | Orb.
     0 | D:1      | Delanovic set off with the following items: 13 poisoned
                  | needles, a +0 blowgun, a ration; and the following spell
                  | memorised: Flame Tongue; and the following spells available
                  | to memorise: Static Discharge
     0 | D:1      | Reached XP level 1. HP: 11/11 MP: 3/3
   266 | D:1      | Reached XP level 2. HP: 13/17 MP: 5/5
   885 | D:1      | Reached XP level 3. HP: 21/22 MP: 7/7
  1017 | D:2      | Reached skill level 1 in Fighting
  1261 | D:2      | Reached skill level 2 in Dodging
  1362 | D:2      | Reached XP level 4. HP: 3/29 MP: 8/8
  1729 | D:2      | Found a burning altar of Makhleb.
  2452 | D:2      | Reached skill level 3 in Dodging
  2452 | D:2      | Reached XP level 5. HP: 15/35 MP: 9/9
  2899 | D:3      | Found an opulent altar of Gozag.
  2912 | D:3      | Became a worshipper of Gozag Ym Sagoz the Greedy
  3453 | D:4      | Noticed an ogre
  3479 | D:4      | Killed an ogre
  3479 | D:4      | Reached skill level 4 in Dodging
  3479 | D:4      | Reached XP level 6. HP: 21/43 MP: 10/10
  3974 | D:4      | Noticed Purgy
  3987 | D:4      | Slain by Purgy

Skill      XL: |  1  2  3  4  5 |
---------------+----------------+-----
Fighting       | 1 2 3 |  3.8
Dodging        | 2 3 4 |  4.2
Polearms       | |  2.0
Throwing       | |  1.1
Spellcasting   | |  2.7
Hexes          | |  1.0
Necromancy     | |  2.0
Evocations     | |  1.1

Action                   |  1- 3 |  4- 6 || total
-------------------------+-------+-------++-------
Melee: Club              |    32 |       ||    32
       Constrict         |    25 |    20 ||    45
       Tentacles         |    15 |    18 ||    33
       Short sword       |    39 |   107 ||   146
 Fire: Blowgun           |     9 |    10 ||    19
  Use: Potion            |       |     2 ||     2
 Stab: Sleeping          |     3 |     5 ||     8
       Invisible         |       |     1 ||     1
  Eat: Chunk             |     1 |     5 ||     6
       Ration            |       |     1 ||     1
Armor: Skin              |     5 |    19 ||    24
Dodge: Dodged            |    53 |    99 ||   152
